 Dungeon Crawl Stone Soup version 0.21.1-1-g345015f (webtiles) character file.

266 kae the Chopper (level 6, 0/53 HPs)
             Began as a Hill Orc Abyssal Knight on June 11, 2018.
             Was a Believer of Lugonu.
             Slain by an orc
             ... wielding a +0 hand axe
              (5 damage)
             ... on level 3 of the Dungeon.
             The game lasted 00:02:28 (2524 turns).

kae the Chopper (Hill Orc Abyssal Knight)           Turns: 2524, Time: 00:02:28

Health: 0/53       AC:  3    Str: 16    XL:     6   Next: 20%
Magic:  8/8        EV: 12    Int: 12    God:    Lugonu [**....]
Gold:   135        SH:  0    Dex: 11    Spells: 5/5 levels left

rFire    . . .     SeeInvis .   a - +1 hand axe
rCold    . . .     Gourm    .   (no shield)
rNeg     . . .     Faith    .   b - +0 leather armour
rPois    .         Spirit   .   (no helmet)
rElec    .         Reflect  .   (no cloak)
rCorr    .         Harm     .   (no gloves)
MR       .....                  (no boots)
Stlth    +.........             (no amulet)
HPRegen  0.17/turn              (no ring)
MPRegen  0.11/turn              (no ring)

@: no status effects
A: no striking features
a: Depart the Abyss, Bend Space, Renounce Religion


You were on level 3 of the Dungeon.
You worshipped Lugonu.
Lugonu was pleased with you.
You were not hungry.

You visited 1 branch of the dungeon, and saw 3 of its levels.
You visited the Abyss 1 time.

You collected 135 gold pieces.

Inventory:

Hand Weapons
 a - a +1 hand axe (weapon)
Armour
 b - a +0 leather armour (worn)
Scrolls
 d - 2 scrolls of teleportation
Potions
 i - a potion of might
 l - 2 potions of flight
Comestibles
 c - 2 rations
 f - 4 chunks of flesh


   Skills:
 + Level 4.6 Fighting
 * Level 5.3 Axes
 + Level 3.3 Armour
 + Level 2.0 Dodging
 + Level 3.9 Invocations


You had 5 spell levels left.
You didn't know any spells.

Dungeon Overview and Level Annotations

Branches:
Dungeon (3/15)

Altars:
Nemelex Xobeh
Wu Jian

Annotations:
D:3 Grinder


Message History

You hear the brisk rusting of a distant drain.
The orc barely misses you.
An orc comes into view. It is wielding a hand axe.
You barely miss the orc.
The orc shouts!
You hit the orc. The orc hits you with a flail.
* * * LOW HITPOINT WARNING * * *
The orc barely misses you.
You closely miss the orc. You hit the orc. The orc hits you with a flail.
* * * LOW HITPOINT WARNING * * *
The orc hits you.
* * * LOW HITPOINT WARNING * * *
You slash the orc!
You kill the orc!
Lugonu accepts your kill.
You hit the orc.
You kill the orc!
Lugonu accepts your kill.
You barely miss the orc. The orc hits you with a hand axe.
You die...

# #... .##. .. .. ..#
#...#... #.##.#
#.#.#...... #.....
#.#.......
.....##+#.###....#
#...........##..<#
#.#.........####.#+######
#...........####.........
#.#)........'.##@.)......
#..<>.......#.##o........
..###§......#.##.........
............#.##.#'######
..###....5..#.##.#.#
..##........#§##.#.#
.###..........##.#.# .#
#.............#.# ##
#†............#.######


You could see an orc.

Vanquished Creatures
  Sigmund (D:3)
  3 adders (D:2)
  An ooze (D:2)
  3 worms
  2 dart slugs
  4 orcs
  8 bats
  3 giant cockroaches (D:1)
  6 goblins
  7 hobgoblins
  6 jackals (D:1)
  A ball python (D:1)
  5 frilled lizards
  5 kobolds
  6 rats
61 creatures vanquished.

Notes
Turn   | Place    | Note
-------+----------+-------------------------------------------
     0 | Abyss:1  | kae the Hill Orc Abyssal Knight began the quest for the Orb.
     0 | Abyss:1  | Reached XP level 1. HP: 19/19 MP: 2/2
    83 | Abyss:1  | Noticed a small abomination
    85 | Abyss:1  | Noticed a small abomination
    89 | D:1      | Escaped the Abyss
   278 | D:1      | Reached skill level 3 in Axes
   436 | D:1      | Reached XP level 2. HP: 23/27 MP: 3/3
   455 | D:1      | Reached skill level 1 in Dodging
   503 | D:1      | Reached * piety under Lugonu
   718 | D:1      | Reached XP level 3. HP: 31/33 MP: 5/5
  1361 | D:2      | Found an ornate altar of the Wu Jian Council.
  1458 | D:2      | Reached XP level 4. HP: 25/40 MP: 6/6
  1603 | D:2      | Found a sparkling altar of Nemelex Xobeh.
  1625 | D:2      | Reached skill level 4 in Axes
  2235 | D:3      | Reached ** piety under Lugonu
  2347 | D:3      | Noticed Sigmund
  2367 | D:3      | Killed Sigmund
  2367 | D:3      | Reached skill level 5 in Axes
  2367 | D:3      | Reached XP level 5. HP: 7/47 MP: 7/7
  2367 | D:3      | Reached XP level 6. HP: 8/53 MP: 8/8
  2451 | D:3      | Noticed Grinder
  2524 | D:3      | Slain by an orc

Skill      XL: |  1  2  3  4 |
---------------+-------------+-----
Axes           | 3 5 |  5.3
Dodging        | 1 2 |  2.0
Invocations    | 3 |  3.9
Fighting       | 4 |  4.6
Armour         | 3 |  3.3

Action                   |  1- 3 |  4- 6 || total
-------------------------+-------+-------++-------
Melee: Hand axe          |   129 |    81 ||   210
Invok: Depart the Abyss  |     1 |       ||     1
  Use: Scroll            |     5 |     3 ||     8
       Potion            |       |     3 ||     3
  Eat: Chunk             |     1 |     4 ||     5
Armor: Leather armour    |    40 |    27 ||    67
Dodge: Dodged            |    86 |    52 ||   138
